 Dungeon Crawl Stone Soup version 0.19.4 (webtiles) character file.

116 Gargoyl the Skirmisher (level 5, 0/46 HPs)
             Began as a Ghoul Abyssal Knight on Feb 3, 2017.
             Was a Follower of Lugonu.
             Slain by Natasha (6 damage)
             ... on level 3 of the Dungeon.
             The game lasted 00:04:59 (1483 turns).

Gargoyl the Skirmisher (Ghoul Abyssal Knight)       Turns: 1483, Time: 00:05:00

Health: 0/46       AC: 11    Str: 16    XL:     5   Next: 0%
Magic:  6/6        EV:  5    Int:  7    God:    Lugonu [*.....]
Gold:   130        SH:  0    Dex:  9    Spells: 0 memorised, 4 levels left

rFire  . . .     SeeInvis .     a - +2 hand axe
rCold  + . .     Gourm    .     f - +0 plate armour
rNeg   + + +     Faith    .     (no shield)
rPois  ∞         Spirit   .     (no helmet)
rElec  .         Reflect  .     (no cloak)
rCorr  .         Harm     .     (no gloves)
MR     .....                    (no boots)
Stlth  ..........               (no amulet)
                                (no ring)
                                (no ring)

@: rotting, slowed, very slow
A: rotting body, claws 1, carnivore 3, cold resistance 1, negative energy
resistance 3, slow regeneration 1, torment resistance, unbreathing
a: Depart the Abyss, Renounce Religion


You were on level 3 of the Dungeon.
You worshipped Lugonu.
Lugonu was aware of your devotion.
You were not hungry.

You visited 1 branch of the dungeon, and saw 3 of its levels.
You visited the Abyss 1 time.

You collected 130 gold pieces.

Inventory:

Hand Weapons
 a - a +2 hand axe (weapon)
Armour
 b - a +0 leather armour
 f - a +0 plate armour (worn)
Scrolls
 e - a scroll of remove curse
 h - 3 scrolls of identify
Potions
 g - 2 potions of lignification {unknown}
 i - a potion of cancellation {unknown}
 j - 2 potions of ambrosia {unknown}
 k - a potion of resistance {unknown}
Comestibles
 c - 2 meat rations
 d - 4 chunks of flesh


   Skills:
 + Level 4.0 Fighting
 + Level 2.8 Axes
 * Level 2.6 Armour
 + Level 1.0 Dodging
 * Level 3.0 Invocations


You had 4 spell levels left.
You didn't know any spells.

Dungeon Overview and Level Annotations

Branches:
Dungeon (3/15)

Altars:

Annotations:
D:3 Natasha


Innate Abilities, Weirdness & Mutations

Your body is rotting away.
You thrive on raw meat.
You are immune to poison.
You have sharp fingernails.
You are carnivorous and can eat meat at any time.
Your flesh is cold resistant. (rC+)
You are immune to negative energy. (rN+++)
You regenerate slowly when monsters are visible.
You are immune to unholy pain and torment.
You can survive without breathing.


Message History

Natasha claws you but does no damage.
Natasha zaps a wand.
The puff of flame hits you!
Your plate armour prevents you from hitting Natasha.
Natasha is severely wounded.
You closely miss the crimson imp. The crimson imp hits you.
Natasha barely misses you.
The crimson imp blinks!
You hit Natasha.
Natasha is severely wounded.
Natasha claws you but does no damage. Natasha barely misses you.
You barely miss Natasha.
Natasha is severely wounded.
Natasha claws you.
Natasha zaps a wand.
The puff of flame hits you!
* * * LOW HITPOINT WARNING * * *
You hit Natasha but do no damage.
Natasha is severely wounded.
Natasha zaps a wand.
The puff of flame misses you.
The crimson imp hits you but does no damage.
Natasha hisses.
Natasha claws you.
You die...

#..##. #h......#
#.....##o#.....# ###
.....^..%...###......#
#.......##...##.....(#
#..........÷.........#
#.#.....####.##......#
#..##...####.........#
##....#.....[........#
..>.......h@..#......#
..........5.........
.........###.....###
..##.##### ###...# ##
#. #..# . ...# # #...
..


You could see Natasha and a crimson imp.

Vanquished Creatures
  A worker ant (D:2)
  3 adders
  2 oozes
  2 worms (D:2)
  2 dart slugs
  2 leopard geckos
  2 orcs (D:2)
  A ball python (D:2)
  4 giant cockroaches
  5 goblins
  3 hobgoblins
  A quokka (D:2)
  5 bats
  2 frilled lizards (D:1)
  5 kobolds
  2 rats (D:1)
42 creatures vanquished.

Notes
Turn   | Place    | Note
-------+----------+-------------------------------------------
     0 | Abyss:1  | Gargoyl the Ghoul Abyssal Knight began the quest for the Orb.
     0 | Abyss:1  | Reached XP level 1. HP: 19/19 MP: 1/1
    63 | Abyss:2  | Noticed an ancient zyme
    65 | D:1      | Escaped the Abyss
   138 | D:1      | Reached XP level 2. HP: 15/26 MP: 2/2
   196 | D:1      | Reached * piety under Lugonu
   271 | D:1      | Reached skill level 1 in Dodging
   285 | D:1      | Reached XP level 3. HP: 22/31 MP: 3/3
  1139 | D:2      | Reached XP level 4. HP: 40/40 MP: 4/4
  1400 | D:3      | Noticed Natasha
  1444 | D:2      | Reached skill level 4 in Fighting
  1447 | D:2      | Reached XP level 5. HP: 21/46 MP: 6/6
  1483 | D:3      | Slain by Natasha

Skill      XL: |  1  2  3  4 |
---------------+-------------+-----
Axes           | 2 |  2.8
Armour         | 2 |  2.6
Dodging        | 1 |  1.0
Fighting       | 4 |  4.0
Invocations    | 3 |  3.0

Action                   |  1- 3 |  4- 6 || total
-------------------------+-------+-------++-------
Melee: Hand axe          |   117 |    62 ||   179
Invok: Depart the Abyss  |     1 |       ||     1
  Use: Scroll            |     4 |       ||     4
  Eat: Chunk             |    14 |     9 ||    23
Armor: Plate armour      |   124 |   102 ||   226
Dodge: Dodged            |    36 |    28 ||    64
